[Event "2nd Sampa STD Open 2025"]
[Site "Sao Paulo"]
[Date "2025.02.01"]
[Round "3"]
[White "Aranha Filho, Alvaro Z."]
[Black "De La Paz Perdomo, Frank"]
[Result "*"]
[Annotator "TA"]
[ECO "A48"]
[WhiteElo "2178"]
[BlackElo "2445"]
[PlyCount "29"]
[EventDate "2025.02.01"]
[EventType "swiss"]
[EventCountry "BRA"]
[SourceTitle "playchess.com"]
[Source "ChessBase"]
[SourceQuality "1"]
[TimeControl "5400+30"]

1. d4 Nf6 2. Nf3 g6 3. Bg5 Bg7 4. Nbd2 O-O 5. c3 d6 6. e4 c5 7. dxc5 dxc5 8. Bc4 Nc6 9. O-O Qc7 {A48: 1 d4 Nf6 2 Nf3 g6: Torre, London and Colle Systems.} 10. a4 h6 11. Bh4 Nh5 12. Bg3 Nxg3 13. hxg3 Rd8 $146 (13... Na5 14. Ba2 Bg4 15. Nc4 Rad8 16. Qe2 Nxc4 17. Bxc4 Rd7 18. Qe3 Bxf3 19. gxf3 Rfd8 {1-0 Kamsky,G (2676)-Jumabayev,R (2603) Corsica Masters KO 21st rapid 2017 (3.1)}) 14. Qc2 Na5 {Inaccurate:     	White=1     	---        OK:         	---       	Black=4} 15. Rfd1 {White did not feel at home in the position after the opening.   Weighted Error Value: White=0.17 (very precise) /Black=0.02 (flawless)} *

[Event "2nd Sampa STD Open 2025"]
[Site "Sao Paulo"]
[Date "2025.02.01"]
[Round "3"]
[White "Ikejiri, Daniel Yoshito"]
[Black "Ribeiro, Matheus Mendes Domin"]
[Result "1/2-1/2"]
[Annotator "TA"]
[ECO "B60"]
[WhiteElo "1954"]
[BlackElo "2328"]
[PlyCount "131"]
[EventDate "2025.02.01"]
[EventType "swiss"]
[EventCountry "BRA"]
[SourceTitle "playchess.com"]
[Source "ChessBase"]
[SourceQuality "1"]
[TimeControl "5400+30"]

1. e4 c5 2. Nf3 Nc6 3. d4 cxd4 4. Nxd4 Nf6 5. Nc3 d6 6. Bg5 Qa5 7. Bxf6 {7.Bb5 is not played anymore.} gxf6 8. Nb3 Qg5 $1 {[%mdl 4] outshines the older 8...Qd8. B60: Sicilian: Richter-Rauzer: Unusual Black 6th moves and 6...Bd7 without 7 Qd2.} 9. Qd2 (9. Nd5 $14) 9... Qxd2+ $11 10. Nxd2 f5 {Not much happening anymore. The position is equal.} 11. O-O-O Bg7 12. Nd5 {[#]} Rb8 $146 (12... Kd8 13. c3 Bh6 14. Ne3 fxe4 15. Nxe4 Kc7 16. Ng3 e6 17. Kb1 f5 18. Nc4 Rd8 {0-1 Zhurova,A (2181)-Yakimova,M (2231) Khanty-Mansiysk TOP 28 Blitz GP (Women) 2023 (5)}) 13. Bd3 fxe4 14. Nxe4 O-O 15. Bb5 (15. Kb1 {is superior.}) 15... Kh8 16. c3 e6 17. Bxc6 bxc6 18. Ne7 {[%cal Oe7c8] and Nxc8! would now be decisive} d5 19. Nxc8 $1 (19. Nxc6 $2 {perishes.} Rb6 20. Nxa7 dxe4 21. Nxc8 Rxc8 $19) 19... Rfxc8 20. Nd2 c5 21. Kc2 Rb6 22. Rb1 Rcb8 23. b3 Ra6 24. a4 Rc8 25. c4 Bh6 26. Ra1 Bxd2 27. Kxd2 dxc4 28. bxc4 $15 {[%mdl 4096] Endgame KRR-KRR} Rd8+ 29. Ke2 Rd4 30. Rhc1 Kg7 31. a5 Rad6 32. Rc2 Rd3 33. Rb1 Ra3 34. Rb5 Rc6 35. Rd2 Rc7 {Dodges Rd7} 36. Rd6 (36. Rdb2 $11) 36... Rc3 $17 37. a6 Rxc4 38. Rb7 Rxb7 39. axb7 {KR-KR. Black is a pawn up.} Rb4 40. Rc6 Rxb7 41. Rxc5 {[#]} Rd7 (41... Rb2+ $1 $17 42. Kf3 Ra2) 42. Ra5 $11 Kf8 43. Ke3 Ke8 44. g4 Kd8 45. f4 Kc8 46. Ke4 Kb7 47. Rh5 Kb6 48. f5 exf5+ 49. gxf5 a5 50. Rxh7 a4 51. Rh3 f6 52. Ra3 Kb5 53. Ra1 Re7+ 54. Kf4 Rh7 55. Kg3 Ra7 56. h4 Kb4 57. Kg4 a3 58. Kh5 Rg7 59. Kh6 Rg2 60. Rb1+ Kc3 61. Rb8 Rg3 62. Ra8 Kb2 {...a2 is the strong threat.} 63. Rb8+ $1 Ka1 64. h5 a2 65. Rb6 Rb3 66. Rxb3 {Weighted Error Value: White=0.09 (flawless) /Black=0.19 (very precise)   Mistake:       	White=3     	Black=1      Inaccurate:     	White=1     	Black=3      OK:         	White=28    	Black=22     Best:        	White=3     	Black=4      Strong:       	White=2     	---} 1/2-1/2

[Event "2nd Sampa STD Open 2025"]
[Site "Sao Paulo"]
[Date "2025.02.01"]
[Round "4"]
[White "Saito, Vinicius"]
[Black "Ramalho, Lucas Pereira"]
[Result "1/2-1/2"]
[Annotator "TA"]
[ECO "B30"]
[WhiteElo "2091"]
[BlackElo "1758"]
[PlyCount "72"]
[EventDate "2025.02.01"]
[EventType "swiss"]
[EventCountry "BRA"]
[SourceTitle "playchess.com"]
[Source "ChessBase"]
[SourceQuality "1"]
[TimeControl "5400+30"]

1. e4 c5 2. Nf3 Nc6 3. Bb5 e6 4. Bxc6 bxc6 5. O-O Ne7 6. b3 Ng6 7. Bb2 f6 8. d4 cxd4 {B30: Sicilian: 2...Nc6 3 Bb5, lines without ...g6.} 9. Nxd4 e5 $1 10. Nf5 d6 $146 (10... d5 $15) (10... d5 11. Ng3 Be6 12. Nd2 Qd7 13. c4 d4 14. Nf3 c5 15. Ne1 Bd6 16. Nd3 O-O {0-1 Diaz Mino,D (2100)-Cuenca Jimenez,J (2558) Alicante Easter op 6th 2022 (2)}) 11. Qh5 $11 Qc7 12. Rd1 Be6 13. c4 $1 Rd8 14. Nc3 Bf7 $1 15. Qg4 h5 16. Qf3 Nf4 17. g3 Nh3+ 18. Kg2 Ng5 19. Qd3 g6 20. Nh4 Qd7 21. f3 Be7 22. Bc1 Kf8 23. Be3 Kg7 24. Rd2 {Active counter play!} Be6 25. Rad1 Qb7 (25... Nf7 $11) 26. Kh1 ({White should play} 26. f4 $16 Bh3+ 27. Kh1) 26... Nf7 27. f4 Bg4 28. Rf1 Bh3 (28... Rhe8 $11 {keeps the balance.}) 29. Rff2 (29. Rc1 $16) 29... Nh6 ({Black should play} 29... Rhe8 $1 $11) 30. f5 $14 g5 31. Ng6 {Strong Square White (g6) Inhibits Ng4.} Rhe8 32. Nxe7 (32. g4 {is interesting.} Nxg4 33. Rf3 d5 34. cxd5 Bb4 35. d6) 32... Rxe7 {[#]} 33. Bxg5 {[%csl Oa7,Oh5] Black has weak pawns} Ng4 $11 34. Be3 Nxf2+ 35. Rxf2 (35. Bxf2 $11 {should be considered.} Red7 36. Be1) 35... Kf7 (35... Kh8 $15 36. Rd2 Rdd7) 36. Rd2 Red7 {Weighted Error Value: White=0.22 (precise) /Black=0.22 (precise)   Mistake:       	White=4     	Black=5      Inaccurate:     	White=3     	Black=3      OK:         	White=6     	Black=8      Best:        	White=2     	Black=2      Strong:       	White=1     	Black=2} 1/2-1/2

[Event "2nd Sampa STD Open 2025"]
[Site "Sao Paulo"]
[Date "2025.02.01"]
[Round "4"]
[White "Poeta, Caio Medeiros"]
[Black "Lavigne Lopez, Raul Leonardo"]
[Result "1-0"]
[Annotator "NA RC"]
[ECO "E01"]
[WhiteElo "2088"]
[BlackElo "2138"]
[PlyCount "74"]
[EventDate "2025.02.01"]
[EventType "swiss"]
[EventCountry "BRA"]
[SourceTitle "playchess.com"]
[Source "ChessBase"]
[SourceQuality "1"]
[TimeControl "5400+30"]

1. d4 e6 2. c4 d5 3. Nf3 Nf6 4. g3 h6 5. Bg2 Bd6 6. O-O O-O 7. Nc3 Nc6 8. e3 dxc4 9. Qa4 e5 10. dxe5 Nxe5 11. Nxe5 Bxe5 12. Qxc4 c6 13. e4 Be6 14. Qb4 Qc7 15. Be3 Ng4 16. Bd4 Bxd4 17. Qxd4 Rfd8 18. Qb4 a5 19. Qa3 Rd2 20. Rad1 Rc2 21. Rc1 Rxc1 22. Rxc1 Qb6 23. Rc2 Qb4 24. Rd2 Qxa3 25. bxa3 Kf8 26. a4 Ke7 27. Rb2 Rb8 28. h3 Ne5 29. f4 Nc4 30. Rb1 f6 31. g4 Kd6 32. Kf2 Kc7 33. Rd1 Rd8 34. Rxd8 Kxd8 35. Bf1 Kc7 36. Bxc4 Bxc4 37. Ke3 Kb8 1-0

[Event "2nd Sampa STD Open 2025"]
[Site "Sao Paulo"]
[Date "2025.02.01"]
[Round "4"]
[White "Bucci, Andrea Vidigal"]
[Black "Kayser, Gustavo Warmling"]
[Result "0-1"]
[Annotator "NA RC"]
[ECO "B33"]
[WhiteElo "1785"]
[BlackElo "2036"]
[PlyCount "68"]
[EventDate "2025.02.01"]
[EventType "swiss"]
[EventCountry "BRA"]
[SourceTitle "playchess.com"]
[Source "ChessBase"]
[SourceQuality "1"]
[TimeControl "5400+30"]

1. e4 c5 2. Nf3 Nc6 3. d4 cxd4 4. Nxd4 Nf6 5. Nc3 e5 6. Ndb5 d6 7. Bg5 a6 8. Na3 b5 9. Nd5 Be7 10. Bxf6 Bxf6 11. c3 O-O 12. Nc2 Bg5 13. a4 bxa4 14. Rxa4 a5 15. Bc4 Rb8 16. b3 Kh8 17. Nce3 g6 18. h4 Bxh4 19. g3 Bg5 20. f4 exf4 21. gxf4 Bh4+ 22. Kd2 Bf6 23. Nxf6 Qxf6 24. Nd5 Qg7 25. Qg1 Be6 26. Qg5 f5 27. Rh6 fxe4 28. Ne7 Nxe7 29. Bxe6 d5 30. Ra1 Nf5 31. Rh3 Rxb3 32. Rah1 e3+ 33. Ke2 Rb2+ 34. Kf3 Rf2+ 0-1

[Event "2nd Sampa STD Open 2025"]
[Site "Sao Paulo"]
[Date "2025.02.01"]
[Round "4"]
[White "Soares, Pedro Henrique Olive"]
[Black "Carvalho Jr, Celestino"]
[Result "0-1"]
[Annotator "NA RC"]
[ECO "A29"]
[WhiteElo "1696"]
[BlackElo "1930"]
[PlyCount "64"]
[EventDate "2025.02.01"]
[EventType "swiss"]
[EventCountry "BRA"]
[SourceTitle "playchess.com"]
[Source "ChessBase"]
[SourceQuality "1"]
[TimeControl "5400+30"]

1. c4 e5 2. Nc3 Nc6 3. g3 Nf6 4. Nf3 Bc5 5. Nxe5 Bxf2+ 6. Kxf2 Nxe5 7. d3 Nfg4+ 8. Kg1 c6 9. h3 Nf6 10. Bg2 O-O 11. Kh2 d6 12. b3 d5 13. cxd5 cxd5 14. Bb2 Re8 15. Rf1 a6 16. Rc1 Qd6 17. Rxf6 Qxf6 18. Nxd5 Qh6 19. Bxe5 Rxe5 20. d4 Rxd5 21. Rxc8+ Rxc8 22. Bxd5 Qe3 23. Qd3 Qf2+ 24. Bg2 Rc1 25. h4 Rg1 26. Qe4 h5 27. Qxb7 Qxd4 28. Qa8+ Kh7 29. Be4+ f5 30. Bd3 Qd8 31. Bc2 Qc7 32. Qxa6 Qxg3# 0-1